 Dungeon Crawl Stone Soup version 0.31.0-12-g77e489cdc1 (webtiles) character file.

Game seed: 6166128127893569529

506 Doomgape the Covered (level 7, -4/44 HPs)
             Began as a Gargoyle Fighter on Feb 18, 2024.
             Slain by a gnoll
             ... wielding a +0 spear
              (8 damage)
             ... on level 3 of the Dungeon.
             The game lasted 00:07:02 (2864 turns).

Doomgape the Covered (Gargoyle Fighter)             Turns: 2864, Time: 00:07:03

Health: -4/44      AC: 12    Str: 19 (21) XL:     7   Next: 18%
Magic:  7/7        EV:  9    Int:  6 (9)  God:
Gold:   139        SH:  4    Dex:  7 (9)  Spells: 6/6 levels left

rFire   . . .        a - +0 flail (spect)
rCold   . . .        c - +0 buckler
rNeg    + . .        b - +0 scale mail
rPois   ∞            (no helmet)
rElec   +            (no cloak)
rCorr   .            (no gloves)
SInv    .            (no boots)
Will    .....        (no amulet) Stlth
                     (no ring)
HPRegen 0.27/turn    (no ring)
MPRegen 0.10/turn

%: no passive effects
@: mighty, brilliant, weak-willed
A: sickness immunity, AC +4, negative energy resistance 1, electricity
resistance, torment resistance 1, petrification resistance
a: no special abilities


You were on level 3 of the Dungeon.
You visited 1 branch of the dungeon, and saw 3 of its levels.

You collected 139 gold pieces.

Inventory:

Hand Weapons
 a - a +0 spectral flail (weapon)
Missiles
 j - 2 throwing nets (quivered)
 l - 5 javelins
Armour
 b - a +0 scale mail (worn)
 c - a +0 buckler (worn)
Jewellery
 m - a +6 ring of intelligence
Scrolls
 k - 3 scrolls of identify
 q - a scroll of blinking
Potions
 d - 2 potions of might


   Skills:
 + Level 5.1 Fighting
 + Level 4.0 Maces & Flails
 + Level 5.2 Armour
 + Level 5.1 Shields


You had 6 spell levels left.
You didn't know any spells.
Your spell library contained the following spells:

 Spells                   Type           Power      Damage    Failure   Level
 Fugue of the Fallen      Necr           0%         N/A       99%         3
 Ozocubu's Armour         Ice            0%         N/A       99%         3
 Ignite Poison            Fire/Alch      0%         N/A       100%        4
 Manifold Assault         Tloc           0%         N/A       100%        4
 Sticky Flame             Fire/Alch      0%         2d4       100%        4
 Ignition                 Fire           0%         3d3       100%        8


Dungeon Overview and Level Annotations

Branches:
Dungeon (3/15)

Altars:


Innate Abilities, Weirdness & Mutations

You are immune to sickness and miasma.
Your stone body is resilient. (AC +4)
You are immune to poison.
You resist negative energy. (rN+)
You are resistant to electric shocks. (rElec)
You are resistant to unholy torment.
You are immune to petrification.


Message History

It was a potion of brilliance.
You feel clever all of a sudden.
The gnoll hits you but does no damage. x2
Unknown command.
You aren't carrying any items that you can evoke.
Okay, then.
You feel very mighty all of a sudden.
The gnoll hits you but does no damage. x2
Unknown command.
You block the gnoll's attack. The gnoll hits you but does no damage.
The gnoll completely misses you. The gnoll hits you but does no damage.
Your transformation is almost over.
You block the gnoll's attack. x2
The gnoll hits you but does no damage. x2
The gnoll hits you from afar with a +0 spear.
* * * LOW HITPOINT WARNING * * *
You block the gnoll's attack.
The gnoll hits you from afar with a +0 spear.
* * * LOW HITPOINT WARNING * * *
The gnoll hits you but does no damage.
The gnoll hits you but does no damage. x2
The gnoll hits you but does no damage. x2
You block the gnoll's attack.
The gnoll hits you from afar with a +0 spear!
* * * LOW HITPOINT WARNING * * *
The gnoll hits you but does no damage. x2
You feel less wooden.
Your +0 scale mail unmelds from your body.
The gnoll barely misses you. You block the gnoll's attack.
The gnoll hits you with a +0 spear.
* * * LOW HITPOINT WARNING * * *
You block the gnoll's attack.
Things that are here:
a +0 dagger; 2 stones; a kobold corpse You hit the gnoll.
The gnoll is heavily wounded.
Your +0 spectral flail hits the gnoll!
You kill the gnoll!
The gnoll hits you with a +0 spear!
You die...

********~~~~~~~~~~~~~~~~~~~~~
**##≈≈≈≈≈≈≈≈≈≈≈≈≈~~~~~~~~~~~~~~~
**~≈≈≈#####≈≈≈≈≈≈≈≈~~~~~~~~~~~~~~
*~~≈≈≈#...#########**############
*~~≈≈≈#...#......## ##.....#)....
*~~≈≈≈#.))#.).....###......).....
~~~≈≈≈##)##........#.......######
~~~≈≈≈≈#)......))(.#.............
~~~≈≈≈≈#........@).'.....g.)....)
~~~≈≈≈≈#.........g.#.............
~~~≈≈≈##)##........#.......######
~~~≈≈≈#..)#.......###......')....
~~~≈≈≈#...#......## ##.....#)....
~~~≈≈≈#...#########**############
~~~≈≈≈#####≈≈≈≈≈≈≈≈~~~~~~~≈≈≈≈≈≈≈
~~~≈≈≈~≈≈≈≈≈~≈~~≈≈~~~~~~~~≈≈~≈≈≈~
~~~~~~≈~~~~~~~~~~~~~~~~~~~~~≈~~~~


You could see a gnoll (weak-willed) and a friendly +0 spectral flail.

Vanquished Creatures
  Grinder (D:3)
  A bombardier beetle (D:3)
  Jessica (D:2)
  Robin (D:2)
  10 gnolls (D:3)
  4 adders (D:2)
  A dart slug (D:1)
  7 ball pythons
  8 endoplasms
  3 giant cockroaches
  28 goblins
  34 hobgoblins
  6 jackals (D:3)
  2 quokkas
  3 bats
  A frilled lizard (D:1)
  6 kobolds
  5 rats
122 creatures vanquished.

Notes
Turn   | Place    | Note
-------+----------+-------------------------------------------
     0 | D:1      | Doomgape the Gargoyle Fighter began the quest for the Orb.
     0 | D:1      | Reached XP level 1. HP: 14/14 MP: 1/1
   115 | D:1      | Reached XP level 2. HP: 19/19 MP: 2/2
   476 | D:1      | Reached XP level 3. HP: 13/23 MP: 3/3
   785 | D:2      | Noticed Jessica
   800 | D:2      | Killed Jessica
   801 | D:2      | Reached XP level 4. HP: 29/29 MP: 4/4
   909 | D:2      | Noticed Robin
   952 | D:2      | Killed Robin
  1218 | D:2      | Reached XP level 5. HP: 32/33 MP: 5/5
  2064 | D:3      | Noticed Grinder
  2106 | D:3      | Killed Grinder
  2107 | D:3      | Reached XP level 6. HP: 11/40 MP: 6/6
  2330 | D:3      | Reached skill level 5 in Shields
  2339 | D:3      | Reached skill level 5 in Armour
  2444 | D:3      | Reached skill level 5 in Fighting
  2582 | D:3      | Reached XP level 7. HP: 43/44 MP: 7/7
  2778 | D:3      | HP: 1/44 [gnoll/+0 spear (4)]
  2844 | D:3      | HP: 2/66 [gnoll/+0 spear (3)]
  2864 | D:3      | Slain by a gnoll

Illustrated notes

Levels and vault maps discovered:
D:1:      dpeg_arrival_refuge, layout_loops_cross
D:2:      layout_loops_corners, chequers_serial_rivers_marsh,
          chequers_serial_rivers_micro_b, grunt_decor_junction, uniq_robin,
          uniq_jessica
D:3:      minmay_goblin_kobold_castle, layout_basic,
          chequers_serial_rivers_small_3, uniq_grinder

Skill      XL: |  1  2  3  4  5  6  7 |
---------------+----------------------+-----
Shields        | 4 5 |  5.1
Armour         | 4 5 |  5.2
Fighting       | 4 5 |  5.1
Maces & Flails | 3 4 |  4.0

Action                     |  1- 3 |  4- 6 |  7- 9 || total
---------------------------+-------+-------+-------++-------
  Melee: Flail             |    75 |   208 |    62 ||   345
    Use: Scroll            |       |     2 |     3 ||     5
         Potion            |       |       |     6 ||     6
 Armour: Scale mail        |    48 |   170 |    80 ||   298
         Skin              |       |       |    61 ||    61
  Dodge: Dodged            |    31 |    86 |    46 ||   163
  Block: Buckler           |    18 |    51 |    35 ||   104
